 Dungeon Sprint DCSS version 0.29-a0-337-g68df138881 (webtiles) character file.

Game seed: 14691479103629711475

112 mhtbhm the Covered (level 4, -3/36 (40) HPs)
             Began as a Minotaur Fighter on Apr 16, 2022.
             Killed from afar by a necromancer (17 damage)
             ... with a bolt of negative energy
             ... in the Dungeon (Sprint III: "The Ten Rune Challenge").
             The game lasted 00:00:48 (593 turns).

mhtbhm the Covered (Minotaur Fighter)                Turns: 593, Time: 00:00:48

HP:   -3/36 (40)    AC:  4    Str: 20    XL:     4   Next: 63%
MP:   3/3           EV:  9    Int:  5    God:
Gold: 28            SH:  5    Dex: 10    Spells: 3/3 levels left

rFire   . . .      SeeInvis .   a - +0 war axe
rCold   . . .      Faith    .   c - +0 buckler
rNeg    . . .      Spirit   .   b - +0 scale mail
rPois   .          Reflect  .   (helmet restricted)
rElec   .          Harm     .   (no cloak)
rCorr   .          Rampage  .   (no gloves)
Will    .....      NoTele   +   (no boots)
Stlth   ..........              (no amulet)
HPRegen 0.12/turn               (no ring)
MPRegen 0.08/turn               (no ring)

@: heavily drained
A: horns 2, retaliatory headbutt, deformed body, frail 1, weak 1
a: no special abilities


You were in the Dungeon.
You visited 1 branch You collected 28 gold pieces.

Inventory:

Hand Weapons
 a - a +0 war axe (weapon)
Armour
 b - a +0 scale mail (worn)
 c - a +0 buckler (worn)
Scrolls
 j - a scroll of blinking
 k - 2 scrolls of holy word {unknown}
 l - 3 scrolls of identify
Potions
 d - a potion of might
 e - a potion of curing
 g - 2 potions of haste
 h - 2 potions of magic
 m - a potion of resistance {unknown}
 n - a potion of flight {unknown}


   Skills:
 + Level 6.8 Fighting
 + Level 5.1 Axes
 + Level 7.2 Armour
 + Level 0.8 Dodging
 + Level 6.3 Shields


You had 3 spell levels left.
You didn't know any spells.
Your spell library was empty.

Dungeon Overview and Level Annotations

Branches:
Dungeon (1/1)

Altars:
Dithmenos
Ru
Yredelemnul


Innate Abilities, Weirdness & Mutations

You have a pair of horns on your head.
You reflexively headbutt those who attack you in melee.
Armour fits poorly on your strangely shaped body.
You are frail. (-10% HP)
You are weak. (Str -2)


Message History

Your Axes skill increases to level 5!
Your Armour skill increases to level 7!
Your Shields skill increases to level 6!
You have reached level 4!
You feel agile.
Unknown command.
There is an open door to the Ecumenical Temple here.
You feel a strong urge to attack something.
There is a fountain of clear blue water here.
You feel your anger nearly subside.
You are no longer berserk.
You are exhausted.
You feel yourself slow down.
You start resting.
You feel yourself speed up.
You start resting.
You recover from your berserk rage.
You start resting.
You start resting.
HP restored.
You start waiting.
You open the door.
A necrophage and a necromancer come into view.
Found 9 gold pieces.
Found three altars.
You miss the necromancer. You headbutt the necromancer.
The necromancer is lightly wounded.
The necromancer casts a spell at you. The bolt of negative energy hits you!!
You feel drained.
Ouch! That really hurt!
The necromancer hits you with a +0 dagger.
You barely miss the necromancer.
The necromancer is lightly wounded.
The necromancer barely misses you.
You miss the necromancer. You headbutt the necromancer.
The necromancer is moderately wounded.
The necromancer closely misses you.
You hit the necromancer.
The necromancer is severely wounded.
The necromancer hits you with a +0 dagger.
The necromancer casts a spell at you. The bolt of negative energy hits you!
You feel drained.
You die...

▓▓▓ ♣♣ ♣.# #### .♣
♣.# #__# .♣ ♣♣.#
#n_
≈♣♣♣♣..###+#+###p##
≈♣.♣♣♣.#........@.#
≈≈.♣.♣.'.⌠........#
≈≈≈≈♣..#...######+#
≈≈≈....#.⌠.#
≈≈.....#...#
.......#+###
.......# .......#
▓▓▓▓▓▓▓▓


You could see a necromancer and a necrophage.

Vanquished Creatures
  A water elemental (D)
  Jessica (D)
  A human (D)
  A phantom (D)
  2 endoplasms (D)
6 creatures vanquished.

Notes
Turn   | Place    | Note
-------+----------+-------------------------------------------
     0 | D        | mhtbhm the Minotaur Fighter began the quest for the Orb.
     0 | D        | Reached XP level 1. HP: 19/19 MP: 0/0
     5 | D        | Reached skill level 4 in Armour
    39 | D        | Noticed Jessica
    45 | D        | Killed Jessica
    46 | D        | Reached skill level 5 in Fighting
    46 | D        | Reached skill level 5 in Armour
    46 | D        | Reached skill level 5 in Shields
    46 | D        | Reached XP level 2. HP: 24/29 MP: 1/1
    46 | D        | Reached XP level 3. HP: 30/36 MP: 2/2
   391 | D        | Reached skill level 6 in Armour
   407 | D        | Gained mutation: Armour fits poorly on your strangely
                  | shaped body. [potion of mutation]
   408 | D        | Lost mutation: Armour fits poorly on your strangely shaped
                  | body. [potion of mutation]
   408 | D        | Gained mutation: You are frail. (-10% HP) [potion of
                  | mutation]
   408 | D        | Gained mutation: Armour fits poorly on your strangely
                  | shaped body. [potion of mutation]
   408 | D        | Gained mutation: You expend magic power (3 MP) to
                  | strengthen your wands. [potion of mutation]
   408 | D        | Gained mutation: You are somewhat resistant to further
                  | mutation. [potion of mutation]
   409 | D        | Lost mutation: You expend magic power (3 MP) to strengthen
                  | your wands. [potion of mutation]
   409 | D        | Lost mutation: You are somewhat resistant to further
                  | mutation. [potion of mutation]
   409 | D        | Gained mutation: You tend to lose your temper in combat.
                  | [potion of mutation]
   409 | D        | Gained mutation: You are weak. (Str -2) [potion of
                  | mutation]
   409 | D        | Lost mutation: You tend to lose your temper in combat.
                  | [potion of mutation]
   428 | D        | Noticed a water elemental
   432 | D        | Killed a water elemental
   433 | D        | Reached skill level 5 in Axes
   433 | D        | Reached skill level 7 in Armour
   433 | D        | Reached XP level 4. HP: 38/40 MP: 3/3
   589 | D        | Found a basalt altar of Yredelemnul.
   589 | D        | Found a shadowy altar of Dithmenos.
   589 | D        | Found a sacrificial altar of Ru.
   589 | D        | Noticed a necrophage
   593 | D        | Killed from afar by a necromancer

Illustrated notes

Levels and vault maps discovered:
D:        dungeon_sprint_mu [sprint_mu_entry_forest, sprint_mu_temple_rooms,
          sprint_mu_d1_horrors, sprint_mu_d2_genie, sprint_mu_d3_branching,
          sprint_mu_orc_legion, sprint_mu_elf_gauntlet, sprint_mu_hive_nellie,
          sprint_mu_lair_fedhas, sprint_mu_vaults_butterflies,
          sprint_mu_slime_circle, sprint_mu_shoals_kraken,
          sprint_mu_snake_twists, sprint_mu_blade_basic,
          sprint_mu_crypt_chambers, sprint_mu_tomb_spiral,
          sprint_mu_vestibule_basic, sprint_mu_gehenna_hellfire,
          sprint_mu_dis_giant, sprint_mu_tartarus_statrot,
          sprint_mu_cocytus_islands, sprint_mu_zot1]

Skill      XL: |  1  2  3 |
---------------+----------+-----
Fighting       | 5 6 |  6.8
Armour         | 5 7 |  7.2
Shields        | 5 6 |  6.3
Axes           | 3 5 |  5.1
Dodging        | |  0.8

Action                   |  1- 3 |  4- 6 || total
-------------------------+-------+-------++-------
Melee: War axe           |    29 |     4 ||    33
       Headbutt          |     3 |     2 ||     5
  Use: Potion            |     5 |       ||     5
Armor: Scale mail        |     7 |       ||     7
Dodge: Dodged            |     6 |     2 ||     8
Block: Buckler           |     5 |       ||     5

Table legend: (Time is in decaauts)
 A = Elapsed time spent in this place.
 B = Non-inter-level travel time spent in this place.
 C = Inter-level travel time spent in this place.
 D = Time resting spent in this place.
 E = Time spent auto-exploring this place.
 F = Levels seen in this place.
 G = Mean time per level.
                   A        B        C        D        E       F      G
               +--------+--------+--------+--------+--------+-----+--------+
         Total |    619 |    619 |      0 |    443 |      5 |   1 |  619.0 |
       Dungeon |    619 |    619 |      0 |    443 |      5 |   1 |  619.0 |
               +--------+--------+--------+--------+--------+-----+--------+

Top non-repeatable levels by time:
       D: 619 daAuts
